 Dungeon Crawl Stone Soup version 0.18-b1-2-gd0c887e (webtiles) character file.

30 Charmandara the Conjurer (level 3, -3/19 HPs)
             Began as a Tengu Air Elementalist on Apr 28, 2016.
             Engulfed by a cloud of flame (22 damage)
             ... on level 1 of the Dungeon.
             The game lasted 00:02:44 (1044 turns).

Charmandara the Conjurer (Tengu Air Elementalist)   Turns: 1044, Time: 00:02:45

Health: -3/19      AC:  2    Str:  8    XL:     3   Next: 20%
Magic:  7/7        EV: 12    Int: 16    God:
Gold:   44         SH:  0    Dex: 14    Spells: 3 memorised, 0 levels left

rFire  . . .     SeeInvis .     (no weapon)
rCold  . . .     Gourm    .     a - +0 robe
rNeg   . . .     Faith    .     (no shield)
rPois  .         Spirit   .     (helmet restricted)
rElec  .         Dismiss  .     (no cloak)
rCorr  .         Reflect  .     (no gloves)
SustAt .         Harm     .     (boots unavailable)
MR     .....                    (no amulet)
Stlth  ++........               (no ring)
                                (no ring)

@: repel missiles, not resistant to hostile enchantments, unstealthy
A: beak, talons 3
a: no special abilities


You were on level 1 of the Dungeon.
You were not hungry.

You visited 1 branch of the dungeon, and saw 1 of its levels.

You collected 44 gold pieces.

Inventory:

Armour
 a - a +0 robe (worn)
Scrolls
 e - 2 scrolls of identify {unknown}
 g - a scroll of blinking {unknown}
 h - a scroll of fear {unknown}
Books
 b - a book of Air
Comestibles
 c - 2 bread rations {@e1}
 d - 4 chunks of flesh {@w0}
 f - a slice of pizza


   Skills:
 - Level 2.1 Dodging
 - Level 2.0 Stealth
 + Level 2.0 Spellcasting
 * Level 4.0 Conjurations
 + Level 0.0 Charms
 * Level 4.0 Air Magic


You couldn't memorise any spells.
You knew the following spells:

 Your Spells              Type           Power        Failure   Level  Hunger
a - Shock                 Conj/Air       ##..         4%          1    #......
b - Static Discharge      Conj/Air       ##......     12%         3    ###....
d - Repel Missiles        Chrm/Air       #.....       14%         2    ###....


Dungeon Overview and Level Annotations

Branches:
Dungeon (1/15)

Altars:


Innate Abilities, Weirdness & Mutations

You have a beak for a mouth.
You have claws for feet.


Message History

You butcher the bat corpse.
d - 5 chunks of flesh {@w0} (gained 1)
You see here a bat skeleton.
c - 2 bread rations {@e1} (gained 1)
e - 2 scrolls labeled IRAARU PEUWOIS (gained 1)
A goblin comes into view.
MP restored: 7 A goblin is nearby!
A goblin is nearby!
Aim: a goblin (resting)
The zap hits the goblin.
You kill the goblin!
You now have 6/7 mp.
You see here a goblin corpse.
There isn't anything here!
You see here a goblin corpse.
You butcher the goblin corpse.
d - 7 chunks of flesh {@w0} (gained 2) Some of the chunks of flesh in your inventory have rotted away.
You open the door.
A bat comes into view.
There is an open door here.
MP restored: 7 A bat is nearby!
Unknown command.
Unknown command.
The helpless bat fails to defend itself.
You hit the bat.
You kill the bat!
Your Conjurations skill increases to level 4!
You see here a bat corpse.
You butcher the bat corpse.
d - 6 chunks of flesh {@w0} (gained 1)
You see here a bat skeleton.
h - a scroll labeled KOROV DUEHUYTZ Eating one of 6 chunks of flesh {@w0}.
You continue eating. x2
You open the door.
There is an open door here.
A bat comes into view.
A bat is nearby!
The bat hits you but does no damage. The bat barely misses you.
The bat completely misses you.
A kobold comes into view.
The bat misses you. The bat closely misses you.
You miss the bat. Your peck misses the bat. The bat barely misses you.
The bat hits you. The bat misses you.
You take 1 damage, and have 18/19 hp.
The bat hits you but does no damage. The bat completely misses you.
The kobold closely misses you. The bat hits you but does no damage.
The bat closely misses you. x2; The bat barely misses you.
You closely miss the bat. The bat barely misses you.
You hit the bat but do no damage. You claw the bat, but do no damage.
The bat hits you.
You take 1 damage, and have 17/19 hp.
You closely miss the bat. Your peck misses the bat. The bat hits you.
The bat hits you but does no damage.
You closely miss the bat. You claw the bat.
The bat hits you but does no damage. The bat barely misses you.
The bat hits you but does no damage.
You hit the bat.
You kill the bat!
You hit the kobold but do no damage. The kobold completely misses you.
You hit the kobold. Your kick misses the kobold. The kobold hits you.
You take 2 damage, and have 15/19 hp.
You closely miss the kobold. You claw the kobold. The kobold misses you.
You miss the kobold. The kobold hits you.
You take 1 damage, and have 14/19 hp.
You hit the kobold. The kobold closely misses you.
Some of the chunks of flesh in your inventory have rotted away.
You barely miss the kobold. You peck the kobold.
You kill the kobold!
Things that are here:
a kobold corpse; a bat corpse A rat comes into view.
A rat is nearby!
The rat closely misses you.
You hit the rat.
You kill the rat!
No target in view!
You see here a rat corpse.
You see here a rat corpse.
You butcher the rat corpse.
d - 5 chunks of flesh {@w0} (gained 1)
You start resting.
Some of the chunks of flesh in your inventory have rotted away.
Health restored: 19 Really walk into a travel-excluded area?
Okay, then.
Really walk into a travel-excluded area?
Unknown command.
Read which item? (? for menu, Esc to quit)
Okay, then.
You aren't carrying any potions.
Unknown command.
You are engulfed in roaring flames.
Ouch! That really hurt!
You die...

##.# #..# #.# ### ####
##.# #.# ...# #..# # #.#
# ...# #..# §§# #.## #
...#
#..#####?..#####..###
...#
#...§§§..[..§§§...##.
...#
####...@§§.$...§§§...##.
####
#......§§§...$.§§§...##.
###
#.....#####...#####..##.
..#### #.....# §§#
#.)### .....# #.....# .#
#..... .÷...#####.....#
######
........†......###
###.....
.....#####.........
#.#.#### .....#
#.......... #.#.....


There were no monsters in sight!

Vanquished Creatures
  2 dart slugs (D:1)
  A giant gecko (D:1)
  7 bats (D:1)
  3 goblins (D:1)
  3 hobgoblins (D:1)
  3 kobolds (D:1)
  A ball python (D:1)
  A giant newt (D:1)
  3 rats (D:1)
24 creatures vanquished.

Notes
Turn   | Place    | Note
--------------------------------------------------------------
     0 | D:1      | Charmandara the Tengu Air Elementalist began the quest for the Orb.
     0 | D:1      | Reached XP level 1. HP: 10/10 MP: 4/4
   134 | D:1      | Reached skill level 2 in Conjurations
   201 | D:1      | Reached XP level 2. HP: 15/15 MP: 3/6
   207 | D:1      | Reached skill level 3 in Conjurations
   280 | D:1      | Learned a level 2 spell: Repel Missiles
   755 | D:1      | Reached XP level 3. HP: 19/19 MP: 5/7
   760 | D:1      | Learned a level 3 spell: Static Discharge
   857 | D:1      | Reached skill level 4 in Conjurations
  1044 | D:1      | Engulfed by a cloud of flame

Skill      XL: |  1  2  3 |
---------------+----------+-----
Conjurations   | 2 3 4 |  4.0
Dodging        | |  2.1
Stealth        | |  2.0
Spellcasting   | |  2.0
Air Magic      | |  4.0

Action                   || total
-------------------------++-------
Melee: Unarmed           ||    15
       Kick              ||     3
       Peck              ||     1
 Cast: Shock             ||    26
       Repel Missiles    ||     1
 Stab: Sleeping          ||     1
  Eat: Chunk             ||     1
Armor: Robe              ||    11
Dodge: Dodged            ||    26

Vault maps used:
D:1:      onia_arrival_mini_spirals, hangedman_decor_opposing,
          minmay_misc_feat_tiny, lemuel_flame_loot_1

Table legend:
 A = Turns spent in this place as a percentage of turns spent in the entire game.
 B = Non-inter-level travel turns spent in this place as a percentage of non-inter-level travel turns spent in the entire game.
 C = Inter-level travel turns spent in this place as a percentage of turns spent in this place.
 D = Turns resting spent in this place as a percentage of non-inter-level travel turns spent in this place.
 E = Turns spent auto-exploring this place as a percentage of non-inter-level travel turns spent in this place.
 F = Non-inter-level travel turns spent in this place divided by the number of levels of this place that you've seen.
                   A       B       C       D       E      F
               +-------+-------+-------+-------+-------+----------------------
         Total | 100.0 | 100.0 |   0.0 |   6.7 |   9.2 | 238.0
       Dungeon | 100.0 | 100.0 |   0.0 |   6.7 |   9.2 | 238.0
               +-------+-------+-------+-------+-------+----------------------

Table legend:
 A = Kills in this place as a percentage of kills in entire the game.
 B = Kills by you in this place as a percentage of kills by you in the entire game.
 C = Kills by friends in this place as a percentage of kills by friends in the entire game.
 D = Other kills in this place as a percentage of other kills in the entire game.
 E = Experience gained in this place as a percentage of experience gained in the entire game.
 F = Experience gained in this place divided by the number of levels of this place that you have seen.
                   A       B       C       D       E      F
               +-------+-------+-------+-------+-------+----------------------
         Total | 100.0 | 100.0 |  -nan |  -nan | 100.0 |  44.0
       Dungeon | 100.0 | 100.0 |  -nan |  -nan | 100.0 |  44.0
               +-------+-------+-------+-------+-------+----------------------
